 Dungeon Sprint DCSS version 0.16-a0-3643-g096a701 (webtiles) character file.

40770 BluebellGnoll the Sorcerer (level 14, -38/108 HPs)
             Began as a Merfolk Ice Elementalist on Jan 16, 2015.
             Was the Champion of Vehumet.
             Killed from afar by an ice dragon (65 damage)
             ... with a blast of cold
             ... in the Dungeon (Sprint IX: "|||||||||||||||||||||||||||||").
             The game lasted 01:03:42 (5586 turns).

BluebellGnoll the Sorcerer (MfIE)                   Turns: 5586, Time: 01:03:43

Health: -38/108    AC: 15    Str: 10    XL:     14   Next: 12%
Magic:  13/41      EV: 22    Int: 21    God:    Vehumet [******]
Gold:   319        SH:  0    Dex: 14    Spells: 12 memorised, 11 levels left

rFire  . . .     SeeInvis +     o - +2 halberd (protect)
rCold  . . .     Clarity  .     c - +2 robe {Archmagi}
rNeg   . . .     SustAb   .     (no shield)
rPois  .         Gourm    .     M - +0 helmet
rElec  .         Spirit   .     D - +2 cloak {+Inv}
rCorr  .         Warding  .     n - +0 pair of gloves
rMut   .         NoTele   +     C - +0 pair of boots
MR     +....                    (no amulet)
Stlth  ++........               E - ring of see invisible
                                r - +3 ring of intelligence

@: lethally poisoned, somewhat resistant to hostile enchantments, unstealthy
A: change form in water, swift swim
a: Renounce Religion, Evoke Invisibility


You were in the Dungeon.
You worshipped Vehumet.
Vehumet was exalted by your worship.
You were very hungry.

You visited 1 branch You collected 1933 gold pieces.
You spent 1614 gold pieces at shops.

Inventory:

Hand weapons
 o - a +2 halberd of protection (weapon)
 q - a +2 rapier of electrocution
 w - the -2 short sword of Disharmony {drain, rC+ MR+ Int+4 SInv}
   (You found it in the Dungeon)

   A truly terrible weapon, it drains the life of those it strikes.
   It affects your intelligence (+4).
   It protects you from cold.
   It affects your resistance to hostile enchantments.
   It enhances your eyesight.
Armour
 b - a +2 robe of resistance
 c - a +2 robe of the Archmagi (worn)
 n - a +0 pair of gloves (worn)
 p - the -2 ring mail of Cocytus {rElec Slay+2}
   (You bought it in a shop in the Dungeon)

   It affects your accuracy and damage with ranged weapons and melee attacks
   (+2).
   It insulates you from electricity.
 s - a -1 robe (quivered)
 C - a +0 pair of boots (worn)
 D - a +2 cloak of invisibility (worn)
 F - the +2 ring mail "Brantuz" {+Blink MP+9}
   (You found it in the Dungeon)

   It affects your magic capacity (+9).
   It lets you blink.
 G - a +2 robe of magic resistance
 M - a +0 helmet (worn)
Magical staves
 m - an uncursed staff of energy
Jewellery
 j - an uncursed ring of protection from magic
 r - a +3 ring of intelligence (left hand)
 E - a ring of see invisible (right hand)
Magical devices
 l - a wand of fire (0)
Scrolls
 h - a scroll of remove curse
 i - a scroll of blinking
 k - 2 scrolls of amnesia
 x - a scroll of fog
 y - 2 scrolls of identify
 z - 4 scrolls of enchant armour
 K - 2 scrolls of enchant weapon
Potions
 e - 5 potions of heal wounds
 f - 2 potions of curing
 g - a potion of magic
 u - 3 potions of might
 v - a potion of resistance
 H - a potion of berserk rage
 I - a potion of haste
 J - a potion of cure mutation
Books
 d - a book of Necromancy

   Spells                             Type                      Level
   a - Pain                           Necromancy                   1
   b - Animate Skeleton               Necromancy                   1
   c - Vampiric Draining              Necromancy                   3
   d - Regeneration                   Charms/Necromancy            3
   e - Animate Dead                   Necromancy                   4
   f - Control Undead                 Necromancy                   4
 L - a book of the Earth

   Spells                             Type                      Level
   a - Leda's Liquefaction            Hexes/Earth                  4
   b - Bolt of Magma                  Conjuration/Fire/Earth       5
   c - Statue Form                    Transmutation/Earth          6
   d - Iron Shot                      Conjuration/Earth            6
   e - Shatter                        Earth                        9
Comestibles
 t - 35 fruits
 A - 12 bread rations
 B - 12 meat rations


   Skills:
 - Level 9.0 Fighting
 - Level 13.1 Polearms
 - Level 15.3 Dodging
 - Level 2.1 Stealth
 + Level 23.3 Spellcasting
 - Level 13.8 Conjurations
 - Level 8.7 Ice Magic
 - Level 7.0 Air Magic


You had 11 spell levels left.
You knew the following spells:

 Your Spells              Type           Power        Failure   Level  Hunger
a - Freeze                Ice            ####         1%          1    None
b - Throw Frost           Conj/Ice       ######       1%          2    None
c - Ozocubu's Armour      Chrm/Ice       ######..     1%          3    None
d - Condensation Shield   Ice            ######....   1%          4    None
e - Throw Icicle          Conj/Ice       #######.     1%          4    None
f - Summon Ice Beast      Ice/Summ       ######..     2%          4    None
g - Mephitic Cloud        Conj/Pois/Air  ######..     1%          3    None
h - Lightning Bolt        Conj/Air       #######...   1%          5    None
i - Bolt of Cold          Conj/Ice       #######...   1%          6    ###....
j - Orb of Destruction    Conj           #######...   1%          7    #####..
k - Poisonous Cloud       Conj/Pois/Air  ######....   4%          6    ###....
l - Regeneration          Chrm/Necr      #####.....   6%          3    None


Dungeon Overview and Level Annotations

Branches:
Dungeon (1/1)

Altars:
Cheibriados
Dithmenos
Elyvilon
Fedhas
Gozag
Kikubaaqudgha
Makhleb
Nemelex Xobeh
Okawaru
Qazlal
Ru
Sif Muna
Trog
Vehumet
Xom
Yredelemnul
Zin
The Shining One
Beogh
Jiyva
Lugonu

Shops:
D :=%[


Message History

Press: ? - help, Shift-Dir - straight line, f - ice dragon
Aim: an ice dragon You feel a surge of power!
You are feeling very hungry.
You feel sick.
The wavering orb of destruction hits the ice dragon.
The ice dragon is heavily wounded.
Casting: Orb of Destruction
Confirm with . or Enter, or press ? or * to list all spells.
Aiming: Orb of Destruction
Press: ? - help, Shift-Dir - straight line, f/p - ice dragon
Aim: an ice dragon (magical condensation, heavily wounded)
You feel a surge of power!
The wavering orb of destruction weakly hits the ice dragon.
The ice dragon is severely wounded.
You feel sick. The ice dragon breathes frost at you.
The blast of cold hits you!
Ouch! That really hurt!
You die...

▓▓▓▓▓▓▓▓▓▓▓▓▓▓▓▓▓▓▓▓
▓...▓...▓...▓...▓...
▓.▓.▓.▓.▓.▓.▓.▓.▓†▓.
▓.▓D▓.▓.▓.▓.▓.▓.▓.▓.
▓D▓@▓.▓.▓.▓.▓.▓.▓.▓.
▓.▓.▓.▓.▓.▓.▓.▓.▓.▓.
▓D▓.▓.▓.▓.▓.▓.▓.▓.▓.
▓.▓.▓.▓.▓.▓.▓.▓.▓.▓.
▓.▓.▓.▓.▓.▓.▓.▓.▓'▓.
▓.▓.▓.▓.▓.▓.▓.▓[▓.▓.
▓.▓.▓.▓.▓'▓.▓.▓.▓.▓.
▓.▓.▓.▓.▓.▓.▓.▓.▓.▓.
▓.▓.▓.▓.▓(▓.▓.▓.▓.▓.


You could see an ice dragon.

Vanquished Creatures
  A greater naga (D)
  3 emperor scorpions (D)
  2 stone giants (D)
  2 rakshasas (D)
  2 dire elephants (D)
  A minotaur (D)
  A fire dragon (D)
  2 hydras (D)
  A deep troll earth mage (D)
  Erica (D)
  A death yak (D)
  2 anacondas (D)
  2 centaur warriors (D)
  A shock serpent (D)
  7 orc high priests (D)
  A spriggan berserker (D)
  Nergalle (D)
  A sea snake (D)
  A shambling mangrove (D)
  A hill giant (D)
  2 griffons (D)
  2 orb spiders (D)
  A wolf spider (D)
  An oklob plant (D)
  4 orc knights (D)
  A cyclops (D)
  7 elephants (D)
  2 black mambas (D)
  A siren (D)
  2 sixfirhies (D)
  A manticore (D)
  Maurice (D)
  2 torpor snails (D)
  3 spiny frogs (D)
  Psyche (D)
  A naga mage (D)
  An efreet (D)
  A jumping spider (D)
  A polar bear (D)
  A komodo dragon (D)
  A merfolk (D)
  3 ravens (D)
  A bog body (D)
  A snapping turtle (D)
  A boulder beetle (D)
  A trapdoor spider (D)
  A shadow (D)
  A vampire (D)
  A wraith (D)
  5 hippogriffs (D)
  Eustachio (D)
  A yak (D)
  Grum (D)
  3 wolves (D)
  A vampire mosquito (D)
  A neqoxec (D)
  A hungry ghost (D)
  2 porcupines (D)
  3 water moccasins (D)
  A spider (D)
  A necrophage (D)
  A swamp drake (D)
  An ice beast (D)
  9 orc warriors (D)
  A boring beetle (D)
  A boggart (D)
  A giant frog (D)
  2 scorpions (D)
  A crimson imp (D)
  A jelly (D)
  11 orc priests (D)
  An iguana (D)
  2 orc wizards (D)
  An adder (D)
  A white imp (D)
  An ufetubus (D)
  6 orcs (D)
  A bat zombie (D)
  A giant cockroach (D)
  2 hobgoblins (D)
  A kobold (D)
  A quokka (D)
  A ball python skeleton (D)
  A goblin (D)
  4 rats (D)
  2 spectral orcs (D)
157 creatures vanquished.

Vanquished Creatures (collateral kills)
  A porcupine (D)
  A sheep (D)
2 creatures vanquished.

Vanquished Creatures (others)
  A jumping spider (D)
  7 ice beasts (D)
  A black bear (shapeshifter) (D)
  3 plants (D)
12 creatures vanquished.

Grand Total: 171 creatures vanquished

Notes
Turn   | Place    | Note
--------------------------------------------------------------
     0 | D        | BluebellGnoll, the Merfolk Ice Elementalist, began the quest for the Orb.
     0 | D        | Reached XP level 1. HP: 13/13 MP: 3/3
    91 | D        | Noticed a crimson imp
    91 | D        | Noticed a scorpion
    91 | D        | Noticed an ice beast
    94 | D        | Killed a crimson imp
    94 | D        | Reached skill level 6 in Spellcasting
    94 | D        | Reached XP level 2. HP: 17/19 MP: 2/10
    94 | D        | Reached XP level 3. HP: 21/24 MP: 2/12
   109 | D        | Learned a level 2 spell: Throw Frost
   273 | D        | Killed a scorpion
   273 | D        | Reached skill level 8 in Spellcasting
   273 | D        | Reached XP level 4. HP: 13/30 MP: 3/18
   282 | D        | Killed an ice beast
   282 | D        | Reached skill level 10 in Spellcasting
   282 | D        | Reached XP level 5. HP: 21/35 MP: 4/22
   297 | D        | Found a glowing silver altar of Zin.
   297 | D        | Found a glowing golden altar of the Shining One.
   297 | D        | Found an ancient bone altar of Kikubaaqudgha.
   297 | D        | Found a basalt altar of Yredelemnul.
   297 | D        | Found a shimmering altar of Xom.
   297 | D        | Found a radiant altar of Vehumet.
   297 | D        | Found an iron altar of Okawaru.
   298 | D        | Found a burning altar of Makhleb.
   299 | D        | Found a deep blue altar of Sif Muna.
   300 | D        | Found a bloodstained altar of Trog.
   301 | D        | Found a sparkling altar of Nemelex Xobeh.
   302 | D        | Found a white marble altar of Elyvilon.
   303 | D        | Found a roughly hewn altar of Beogh.
   304 | D        | Found a viscous altar of Jiyva.
   305 | D        | Became a worshipper of Vehumet
   306 | D        | Found a corrupted altar of Lugonu.
   307 | D        | Found a blossoming altar of Fedhas.
   308 | D        | Found a snail-covered altar of Cheibriados.
   309 | D        | Found a shadowy altar of Dithmenos.
   310 | D        | Found a stormy altar of Qazlal.
   311 | D        | Found an opulent altar of Gozag.
   312 | D        | Found a sacrificial altar of Ru.
   365 | D        | Learned a level 3 spell: Ozocubu's Armour
   370 | D        | Learned a level 4 spell: Throw Icicle
   375 | D        | Learned a level 4 spell: Summon Ice Beast
   380 | D        | Learned a level 4 spell: Condensation Shield
   474 | D        | Noticed a scorpion
   474 | D        | Noticed a necrophage
   481 | D        | Killed a scorpion
   481 | D        | Reached skill level 5 in Ice Magic
   481 | D        | Reached XP level 6. HP: 38/41 MP: 24/24
   484 | D        | Acquired Vehumet's first power
   484 | D        | Offered knowledge of Sting by Vehumet.
   492 | D        | Killed a necrophage
   590 | D        | Noticed an orc warrior
   590 | D        | Noticed a cyclops
   590 | D        | Noticed a wraith
   590 | D        | Noticed an orc warrior
   590 | D        | Noticed a hippogriff
   592 | D        | Killed an orc warrior
   593 | D        | Killed a cyclops
   593 | D        | Reached skill level 12 in Dodging
   593 | D        | Reached XP level 7. HP: 40/46 MP: 25/25
   600 | D        | Killed an orc warrior
   600 | D        | Reached skill level 13 in Dodging
   600 | D        | Reached XP level 8. HP: 37/52 MP: 8/26
   602 | D        | Killed a wraith
   602 | D        | Acquired Vehumet's second power
   602 | D        | Reached skill level 14 in Dodging
   623 | D        | Killed a hippogriff
   623 | D        | Offered knowledge of Sandblast by Vehumet.
   623 | D        | Reached skill level 15 in Dodging
   775 | D        | Got the cursed -2 short sword of Disharmony {drain, rC+ MR+ Int+4 SInv}
   807 | D        | Noticed a porcupine
   807 | D        | Noticed a hippogriff
   807 | D        | Noticed a hippogriff
   807 | D        | Noticed a porcupine
   807 | D        | Noticed a spiny frog
   807 | D        | Noticed a yak
   812 | D        | Killed a porcupine
   812 | D        | Offered knowledge of Mephitic Cloud by Vehumet.
   816 | D        | Noticed an iguana
   817 | D        | Learned a level 3 spell: Mephitic Cloud
   820 | D        | Killed a hippogriff
   820 | D        | Offered knowledge of Airstrike by Vehumet.
   823 | D        | Acquired Vehumet's third power
   824 | D        | Killed a hippogriff
   955 | D        | Killed a porcupine
   960 | D        | Killed a spiny frog
   960 | D        | Reached XP level 9. HP: 28/57 MP: 1/27
  1000 | D        | Killed a yak
  1027 | D        | Killed an iguana
  1027 | D        | Offered knowledge of Lightning Bolt by Vehumet.
  1049 | D        | Noticed an oklob plant
  1149 | D        | Learned a level 5 spell: Lightning Bolt
  1369 | D        | Killed an oklob plant
  1503 | D        | Noticed a spiny frog
  1503 | D        | Noticed a seven-headed hydra
  1503 | D        | Noticed a porcupine
  1503 | D        | Noticed a boring beetle
  1503 | D        | Noticed a komodo dragon
  1503 | D        | Noticed a giant frog
  1535 | D        | Killed a spiny frog
  1535 | D        | Offered knowledge of Olgreb's Toxic Radiance by Vehumet.
  1537 | D        | Noticed a water moccasin
  1849 | D        | Killed a seven-headed hydra
  1866 | D        | Killed a porcupine
  1866 | D        | Reached XP level 10. HP: 63/63 MP: 19/31
  1893 | D        | Killed a boring beetle
  1899 | D        | Killed a komodo dragon
  1909 | D        | Killed a giant frog
  1972 | D        | Killed a water moccasin
  2021 | D        | Noticed a polar bear
  2039 | D        | Killed a polar bear
  2092 | D        | Noticed an elephant
  2092 | D        | Noticed an elephant
  2092 | D        | Noticed an elephant
  2092 | D        | Noticed an elephant
  2092 | D        | Noticed an elephant
  2092 | D        | Noticed an elephant
  2092 | D        | Noticed an elephant
  2093 | D        | Noticed a dire elephant
  2102 | D        | Killed an elephant
  2107 | D        | Killed an elephant
  2107 | D        | Reached skill level 5 in Air Magic
  2109 | D        | Killed an elephant
  2109 | D        | Killed an elephant
  2109 | D        | Offered knowledge of Bolt of Cold by Vehumet.
  2142 | D        | Learned a level 6 spell: Bolt of Cold
  2165 | D        | Killed an elephant
  2168 | D        | Killed an elephant
  2169 | D        | Killed an elephant
  2169 | D        | Reached skill level 5 in Conjurations
  2171 | D        | Killed a dire elephant
  2171 | D        | Reached XP level 11. HP: 66/68 MP: 5/33
  2298 | D        | Noticed Psyche
  2303 | D        | Killed Psyche
  2322 | D        | Noticed a wolf
  2325 | D        | Noticed Grum
  2326 | D        | Noticed a wolf
  2327 | D        | Noticed a wolf
  2328 | D        | Killed a wolf
  2330 | D        | Killed a wolf
  2332 | D        | Killed Grum
  2334 | D        | Killed a wolf
  2334 | D        | Offered knowledge of Bolt of Magma by Vehumet.
  2334 | D        | Reached skill level 15 in Spellcasting
  2397 | D        | Noticed Maurice
  2403 | D        | Killed Maurice
  2457 | D        | Noticed an orc priest
  2457 | D        | Noticed an orc priest
  2457 | D        | Noticed an orc priest
  2457 | D        | Noticed an orc knight
  2457 | D        | Noticed a stone giant
  2458 | D        | Killed an orc priest
  2458 | D        | Killed an orc priest
  2459 | D        | Killed an orc priest
  2460 | D        | Noticed an orc priest
  2461 | D        | Killed an orc knight
  2461 | D        | Reached skill level 5 in Fighting
  2462 | D        | Killed a stone giant
  2462 | D        | Killed an orc priest
  2463 | D        | Noticed an orc wizard
  2465 | D        | Killed an orc wizard
  2466 | D        | Noticed an orc priest
  2466 | D        | Killed an orc priest
  2533 | D        | Noticed an orc warrior
  2533 | D        | Noticed an orc wizard
  2533 | D        | Noticed an orc warrior
  2533 | D        | Noticed an orc warrior
  2533 | D        | Noticed an orc knight
  2533 | D        | Noticed an orc warrior
  2533 | D        | Noticed an orc knight
  2534 | D        | Killed an orc warrior
  2535 | D        | Killed an orc warrior
  2535 | D        | Offered knowledge of Orb of Destruction by Vehumet.
  2536 | D        | Killed an orc wizard
  2536 | D        | Killed an orc warrior
  2537 | D        | Killed an orc warrior
  2538 | D        | Noticed an orc knight
  2539 | D        | Killed an orc knight
  2540 | D        | Noticed an orc warrior
  2542 | D        | Noticed an orc warrior
  2543 | D        | Noticed an orc warrior
  2546 | D        | Killed an orc knight
  2550 | D        | Killed an orc warrior
  2550 | D        | Reached skill level 16 in Spellcasting
  2566 | D        | Killed an orc knight
  2568 | D        | Killed an orc warrior
  2582 | D        | Killed an orc warrior
  2871 | D        | Learned a level 7 spell: Orb of Destruction
  2871 | D        | Found Qieran's Book Emporium.
  2871 | D        | Noticed an orc priest
  2871 | D        | Noticed an orc high priest
  2871 | D        | Noticed an orc priest
  2871 | D        | Noticed an orc priest
  2871 | D        | Noticed an orc priest
  2871 | D        | Noticed an orc priest
  2872 | D        | Killed an orc priest
  2872 | D        | Offered knowledge of Poisonous Cloud by Vehumet.
  2872 | D        | Killed an orc priest
  2873 | D        | Killed an orc priest
  2873 | D        | Killed an orc priest
  2874 | D        | Noticed an orc priest
  2875 | D        | Killed an orc high priest
  2875 | D        | Killed an orc priest
  2878 | D        | Noticed an orc high priest
  2878 | D        | Killed an orc priest
  2879 | D        | Noticed an orc high priest
  2879 | D        | Found Uciattiw's Jewellery Shoppe.
  2883 | D        | Found Exadezith's Food Emporium.
  2884 | D        | Noticed an orc high priest
  2890 | D        | Killed an orc high priest
  2890 | D        | Reached skill level 17 in Spellcasting
  2890 | D        | Reached XP level 12. HP: 84/95 MP: 7/36
  2892 | D        | Killed an orc high priest
  2893 | D        | Noticed an orc high priest
  2902 | D        | Killed an orc high priest
  2903 | D        | Noticed an orc high priest
  2954 | D        | Killed an orc high priest
  2954 | D        | Reached skill level 18 in Spellcasting
  3012 | D        | Killed an orc high priest
  3033 | D        | Noticed an orc high priest
  3197 | D        | Killed an orc high priest
  3208 | D        | Found Arpheeme's Antique Armour Shoppe.
  3222 | D        | Bought an embroidered robe for 14 gold pieces
  3222 | D        | Bought a distressingly furry ring mail for 180 gold pieces
  3252 | D        | Identified the cursed -2 ring mail of Cocytus {rElec Slay+2} (You bought it in a shop in the Dungeon)
  3281 | D        | Learned a level 6 spell: Poisonous Cloud
  3306 | D        | Noticed Erica
  3327 | D        | Killed Erica
  3327 | D        | Offered knowledge of Conjure Ball Lightning by Vehumet.
  3327 | D        | Reached skill level 19 in Spellcasting
  3471 | D        | Got the +2 ring mail "Brantuz" {+Blink MP+9}
  3536 | D        | Noticed a hungry ghost
  3536 | D        | Noticed a jelly
  3536 | D        | Noticed a wolf spider
  3536 | D        | Noticed a hill giant
  3536 | D        | Noticed an efreet
  3536 | D        | Noticed a black bear
  3536 | D        | Noticed a centaur warrior
  3538 | D        | Killed a hungry ghost
  3539 | D        | Killed a jelly
  3540 | D        | Noticed a shadow
  3540 | D        | Killed a black bear
  3541 | D        | Killed a wolf spider
  3541 | D        | Killed a hill giant
  3542 | D        | Killed an efreet
  3543 | D        | Killed a centaur warrior
  3547 | D        | Noticed an emperor scorpion
  3548 | D        | Noticed a boggart
  3553 | D        | Noticed a centaur warrior
  3554 | D        | Killed a shadow
  3867 | D        | Killed a centaur warrior
  3867 | D        | Reached skill level 20 in Spellcasting
  3883 | D        | HP: 2/95 [emperor scorpion (5)]
  3898 | D        | Killed an emperor scorpion
  3898 | D        | Offered knowledge of Delayed Fireball by Vehumet.
  3924 | D        | Killed a boggart
  3962 | D        | Noticed a torpor snail
  3971 | D        | Killed a torpor snail
  3972 | D        | Noticed a vampire
  3975 | D        | Killed a vampire
  3998 | D        | Noticed a rakshasa
  4010 | D        | Killed a rakshasa
  4011 | D        | Killed a rakshasa
  4068 | D        | Noticed a dire elephant
  4077 | D        | Killed a dire elephant
  4077 | D        | Reached XP level 13. HP: 45/101 MP: 6/38
  4344 | D        | Noticed Nergalle
  4349 | D        | Killed Nergalle
  4349 | D        | Offered knowledge of Glaciate by Vehumet.
  4349 | D        | Offered knowledge of Chain Lightning by Vehumet.
  4349 | D        | Offered knowledge of Tornado by Vehumet.
  4349 | D        | Reached skill level 10 in Conjurations
  4416 | D        | Noticed a black mamba
  4416 | D        | Noticed an anaconda
  4416 | D        | Noticed a greater naga
  4416 | D        | Noticed a water moccasin
  4416 | D        | Noticed a black mamba
  4416 | D        | Noticed a shock serpent
  4416 | D        | Noticed an anaconda
  4417 | D        | Killed a black mamba
  4418 | D        | Killed a black mamba
  4418 | D        | Killed a water moccasin
  4419 | D        | Noticed a naga mage
  4419 | D        | Killed an anaconda
  4421 | D        | Killed a greater naga
  4421 | D        | Killed a shock serpent
  4422 | D        | Noticed a water moccasin
  4423 | D        | Killed an anaconda
  4423 | D        | Killed a naga mage
  4430 | D        | Killed a water moccasin
  4531 | D        | Noticed a swamp drake
  4531 | D        | Noticed a shambling mangrove
  4531 | D        | Noticed a four-headed hydra
  4531 | D        | Noticed a vampire mosquito
  4531 | D        | Noticed a spiny frog
  4532 | D        | Noticed a bog body
  4532 | D        | Killed a swamp drake
  4532 | D        | Killed a vampire mosquito
  4532 | D        | Killed a spiny frog
  4534 | D        | Killed a bog body
  4536 | D        | Killed a four-headed hydra
  4537 | D        | Killed a shambling mangrove
  4586 | D        | Noticed a torpor snail
  4586 | D        | Noticed a jumping spider
  4586 | D        | Noticed a boulder beetle
  4586 | D        | Noticed a spider
  4586 | D        | Noticed an orb spider
  4586 | D        | Noticed a jumping spider
  4587 | D        | Killed a jumping spider
  4589 | D        | Killed a jumping spider
  4589 | D        | Killed a spider
  4590 | D        | Noticed an emperor scorpion
  4590 | D        | Killed a torpor snail
  4590 | D        | Killed an orb spider
  4590 | D        | Killed a trapdoor spider
  4590 | D        | Killed an orb spider
  4590 | D        | Reached skill level 21 in Spellcasting
  4592 | D        | Killed a boulder beetle
  4595 | D        | Killed an emperor scorpion
  4748 | D        | Noticed a griffon
  4748 | D        | Noticed a hippogriff
  4748 | D        | Noticed a hippogriff
  4748 | D        | Noticed a siren
  4748 | D        | Noticed a snapping turtle
  4748 | D        | Noticed a manticore
  4748 | D        | Noticed a merfolk
  4750 | D        | Killed a hippogriff
  4750 | D        | Killed a hippogriff
  4750 | D        | Killed a siren
  4751 | D        | Killed a manticore
  4752 | D        | Noticed a sea snake
  4752 | D        | Killed a griffon
  4753 | D        | Killed a snapping turtle
  4754 | D        | Killed a merfolk
  4755 | D        | Killed a sea snake
  4755 | D        | Reached skill level 22 in Spellcasting
  4756 | D        | Noticed a griffon
  4759 | D        | Killed a griffon
  5141 | D        | Bought a book of Necromancy for 420 gold pieces
  5141 | D        | Bought a book of the Earth for 910 gold pieces
  5147 | D        | Bought a runed helmet for 90 gold pieces
  5418 | D        | Noticed Eustachio
  5422 | D        | Killed Eustachio
  5550 | D        | Learned a level 3 spell: Regeneration
  5551 | D        | Noticed a spriggan berserker
  5551 | D        | Noticed a stone giant
  5551 | D        | Noticed an emperor scorpion
  5551 | D        | Noticed a death yak
  5551 | D        | Noticed a minotaur
  5551 | D        | Noticed a fire dragon
  5551 | D        | Noticed a deep troll earth mage
  5557 | D        | Killed a spriggan berserker
  5557 | D        | Killed a stone giant
  5557 | D        | Killed a deep troll earth mage
  5557 | D        | Killed a death yak
  5557 | D        | Reached XP level 14. HP: 84/108 MP: 24/40
  5558 | D        | Noticed an ice dragon
  5558 | D        | Killed a minotaur
  5581 | D        | Killed an emperor scorpion
  5581 | D        | Reached skill level 23 in Spellcasting
  5584 | D        | Killed a fire dragon
  5586 | D        | Killed from afar by an ice dragon

Action                   |  1- 3 |  4- 6 |  7- 9 | 10-12 | 13-15 || total
-------------------------+-------+-------+-------+-------+-------++-------
Melee: Unarmed           |     9 |       |       |       |       ||     9
       Dagger            |     7 |     5 |       |     9 |       ||    21
       Halberd           |       |    10 |    18 |    50 |       ||    78
       Rapier            |       |       |       |     4 |       ||     4
       Staff             |       |       |       |    10 |       ||    10
 Cast: Freeze            |    14 |     3 |     2 |       |       ||    19
       Throw Icicle      |       |     2 |    34 |    81 |    23 ||   140
       Ozocubu's Armour  |       |     1 |     2 |     2 |       ||     5
       Condensation Shie |       |     1 |     2 |     2 |       ||     5
       Mephitic Cloud    |       |       |     3 |     7 |     1 ||    11
       Summon Ice Beast  |       |       |     6 |     2 |       ||     8
       Throw Frost       |       |       |    10 |     2 |       ||    12
       Lightning Bolt    |       |       |       |    35 |    15 ||    50
       Bolt of Cold      |       |       |       |    16 |    12 ||    28
       Poisonous Cloud   |       |       |       |     1 |     3 ||     4
       Orb of Destructio |       |       |       |       |     6 ||     6
       Regeneration      |       |       |       |       |     1 ||     1
Evoke: Staff of energy   |       |     4 |    12 |   114 |    45 ||   175
       Wand              |       |     3 |     5 |     7 |       ||    15
  Use: Potion            |     2 |     2 |     1 |     5 |     2 ||    12
       Scroll            |       |       |     2 |     2 |     2 ||     6
 Stab: Sleeping          |       |     1 |       |       |       ||     1
  Eat: Chunk             |       |       |     2 |    16 |     6 ||    24
       Bread ration      |       |       |     1 |       |       ||     1
       Fruit             |       |       |       |     2 |     3 ||     5
